 Dungeon Crawl Stone Soup version 0.29.0-4-gdea44cf6ec (webtiles) character file.

Game seed: 4383466476610031424

36 qw the Chopper (level 3, -2/21 HPs)
             Began as a Tengu Warper on Aug 28, 2022.
             Slain by a black bear (4 damage)
             ... on level 4 of the Dungeon.
             The game lasted 00:00:06 (1466 turns).

qw the Chopper (Tengu Warper)                       Turns: 1466, Time: 00:00:07

Health: -2/21      AC:  3    Str: 13    XL:     3   Next: 37%
Magic:  7/7        EV: 12    Int: 13    God:
Gold:   61         SH:  0    Dex: 13    Spells: 6/6 levels left

rFire   . . .      SeeInvis .   Y - +0 hand axe
rCold   . . .      Faith    .   (no shield)
rNeg    . . .      Spirit   .   b - +0 leather armour
rPois   .          Reflect  .   (helmet restricted)
rElec   .          Harm     .   (no cloak)
rCorr   .          Rampage  .   (no gloves)
Will    .....                   (boots unavailable)
Stlth   +.........              (no amulet)
HPRegen 0.07/turn               (no ring)
MPRegen 0.10/turn               (no ring)

@: no status effects
A: beak, talons 3
a: no special abilities


You were on level 4 of the Dungeon.
You visited 1 branch of the dungeon, and saw 3 of its levels.

You collected 61 gold pieces.


Innate Abilities, Weirdness & Mutations

You have a beak for a mouth.
You have claws for feet.


   Skills:
 - Level 2.0 Fighting
 + Level 4.1 Axes
 - Level 1.0 Throwing
 - Level 1.1 Armour
 - Level 2.1 Dodging
 - Level 2.0 Spellcasting
 - Level 2.4 Translocations


You had 6 spell levels left.
You didn't know any spells.
Your spell library contained the following spells:

 Spells                   Type           Power      Damage    Failure   Level
 Blink                    Tloc           14%        N/A       19%         2
 Gell's Gravitas          Tloc           7%         N/A       36%         3
 Lesser Beckoning         Tloc           7%         N/A       36%         3
 Teleport Other           Tloc           7%         N/A       36%         3
 Manifold Assault         Tloc           7%         N/A       98%         5

Inventory:

Hand Weapons
 g - a +0 club
 Y - a +0 hand axe (weapon)
Armour
 b - a +0 leather armour (worn)
Scrolls
 a - a scroll of magic mapping {unknown}
 h - a scroll of identify
Potions
 c - a potion of cancellation {unknown}
 d - 3 potions of curing {unknown}
 k - a potion of might {unknown}

Dungeon Overview and Level Annotations

Branches:
Dungeon (2/15)

Altars:


Message History

The worm barely misses you.
You hit the worm.
The worm is severely wounded.
You hit the worm. Your peck misses the worm.
The worm is almost dead.
The worm bites you but does no damage.
You completely miss the worm. You claw the worm.
You kill the worm!
You open the door.
A black bear comes into view.
The black bear growls angrily.
You hit the black bear. Your kick misses the black bear.
The black bear is lightly wounded.
The black bear bites you. The black bear completely misses you.
The black bear closely misses you.
You hit the black bear. You claw the black bear. You peck the black bear.
The black bear is moderately wounded.
The black bear bites you. The black bear claws you.
The black bear claws you but does no damage.
You hit the black bear.
The black bear is heavily wounded.
The black bear misses you. The black bear claws you.
The black bear barely misses you.
You hit the black bear. Your peck misses the black bear.
The black bear is heavily wounded.
The black bear bites you but does no damage.
The black bear claws you. The black bear barely misses you.
The black bear closely misses you. The black bear barely misses you. x2
You hit the black bear but do no damage.
You claw the black bear.
The black bear is severely wounded.
The black bear goes berserk!
You hit the black bear. Your kick misses the black bear.
The black bear is severely wounded.
The black bear bites you. The black bear claws you.
The black bear completely misses you.
You closely miss the black bear. You claw the black bear.
The black bear is almost dead.
The black bear barely misses you. The black bear claws you.
You die...

##......##
##....###
#......####.......#
##.................
#.#####+#######'##
#.# ... ##..... #.#
.... ##.....# ##.#
....###.....##
#..#....###.....##
#.@h...# #.....##
##..#..######%###
#...#.###.#.....#
##..# ##..#.....#
#..###...)...[.+
#..##....#..)..#
##.#.....#.....#
#..#....####+###
#..'...##


You could see a black bear (berserk).

Vanquished Creatures
  An adder (D:4)
  2 worms (D:4)
  2 bats
  A giant cockroach (D:2)
  4 goblins
  2 hobgoblins (D:1)
  A kobold (D:4)
  2 quokkas (D:1)
  A ball python (D:1)
  A frilled lizard (D:1)
  3 rats (D:1)
20 creatures vanquished.

Notes
Turn   | Place    | Note
-------+----------+-------------------------------------------
     0 | D:1      | qw the Tengu Warper began the quest for the Orb.
     0 | D:1      | Reached XP level 1. HP: 12/12 MP: 4/4
     0 | D:1      | 0 ||| qw: Version: 0.1-a-89-g26bdef1
     0 | D:1      | 0 ||| qw: Game counter: 3307
     0 | D:1      | 0 ||| qw: Always use a shield: true
     0 | D:1      | 0 ||| qw: God list: Okawaru
     0 | D:1      | 0 ||| qw: Allow faded altars: false
     0 | D:1      | 0 ||| qw: Do Orc after D:15 true
     0 | D:1      | 0 ||| qw: Do second Lair branch before Depths: true
     0 | D:1      | 0 ||| qw: Lair rune preference: random
     0 | D:1      | 0 ||| qw: Plans: Normal
     0 | D:1      | 0 ||| PLANNING D:1-11
   104 | D:1      | HP: 2/12 [quokka (3)]
   415 | D:1      | Reached skill level 3 in Axes
   415 | D:1      | Reached XP level 2. HP: 10/17 MP: 6/6
  1000 | D:1      | 1000 ||| DROPPING ring of magical power.
  1001 | D:1      | 1001 ||| READING scroll labelled WEOSOQ OCRIL.
  1002 | D:1      | 1002 ||| READING scroll labelled XABAIP QARIRRA.
  1003 | D:1      | 1003 ||| READING 3 scrolls labelled HAEKID OHUPIUC.
  1004 | D:1      | 1004 ||| READING scroll labelled UDIUTAM XUVENN.
  1005 | D:1      | 1005 ||| READING scroll labelled CUFIPNYENOS.
  1006 | D:1      | 1006 ||| READING scroll labelled MAPUFI YPLIAL.
  1134 | D:1      | 1134 ||| READING 2 scrolls of identify.
  1134 | D:1      | 1134 ||| IDENTIFYING viscous inky potion
  1135 | D:1      | 1135 ||| DROPPING scroll of blinking.
  1136 | D:1      | 1136 ||| DROPPING potion of brilliance.
  1227 | D:2      | You fall into a shaft and drop 2 floors!
  1228 | D:4      | 1228 ||| PLANNING SEWER
  1293 | D:4      | Reached skill level 4 in Axes
  1293 | D:4      | Reached XP level 3. HP: 17/21 MP: 7/7
  1457 | D:4      | Noticed a black bear
  1465 | D:4      | HP: 5/21 [black bear (4)]
  1465 | D:4      | HP: 2/21 [black bear (3)]
  1466 | D:4      | Slain by a black bear

Levels and vault maps discovered:
D:1:      minmay_arrival_stone_box, layout_loops_ring
D:2:      layout_loops_ring, hellmonk_ecumenical_altar_zigzags, serial_shops,
          shop, grunt_ministairs_2
D:4:      layout_cave_pods, minmay_temple_entry_drinking_statues,
          lightli_sewer_entry_pipes, biasface_ghost_orc_armoury, hex_medium,
          minmay_quadrilaterals

Skill      XL: |  1  2 |
---------------+-------+-----
Axes           | 3 4 |  4.1
Fighting       | |  2.0
Throwing       | |  1.0
Armour         | |  1.1
Dodging        | |  2.1
Spellcasting   | |  2.0
Translocations | |  2.4

Action                   || total
-------------------------++-------
Melee: Hand axe          ||    55
       Kick              ||    13
       Peck              ||     9
Throw: Boomerang         ||     7
  Use: Scroll            ||     7
Armor: Leather armour    ||    15
Dodge: Dodged            ||    34

Table legend:
 A = Non-vault XP
 B = Vault XP
 C = Vault XP percentage of total XP
 D = Non-vault monster count
 E = Vault monster count
 F = Vault count percentage of total count
                 A         B        C        D         E       F
            +---------+---------+-------+---------+---------+-------
      Total |      32 |      20 |  38.5 |      17 |       3 |  15.0
            +---------+---------+-------+---------+---------+-------
        D:1 |      21 |       0 |   0.0 |      13 |       0 |   0.0
        D:2 |       4 |       1 |  20.0 |       2 |       1 |  33.3
        D:4 |       7 |      19 |  73.1 |       2 |       2 |  50.0
            +---------+---------+-------+---------+---------+-------
